 Dungeon Crawl Stone Soup version 0.20-a0-1127-g1289703 (webtiles) character file.

257 HankScorpio the Firebug (level 5, -1/28 HPs)
             Began as a Deep Elf Fire Elementalist on May 19, 2017.
             Slain by Natasha (5 damage)
             ... on level 3 of the Dungeon.
             The game lasted 00:05:49 (2192 turns).

HankScorpio the Firebug (DEFE)                      Turns: 2192, Time: 00:05:50

Health: -1/28      AC:  4    Str:  5    XL:     5   Next: 93%
Magic:  9/14       EV: 13    Int: 21    God:
Gold:   95         SH:  0    Dex: 15    Spells: 8/14 levels left

rFire    . . .     SeeInvis .   b - +0 mace (crush)
rCold    . . .     Gourm    +   (no shield)
rNeg     + . .     Faith    .   g - +0 robe
rPois    +         Spirit   .   (no helmet)
rElec    .         Reflect  .   m - +1 cloak {rPois}
rCorr    .         Harm     .   (no gloves)
MR       .....                  (no boots)
Stlth    ++........             s - amulet of the gourmand
Regen    0.1/turn               r - ring of positive energy
MPRegen  0.2/turn               (no ring)

@: slowed, very slow
A: no striking features
a: no special abilities


You were on level 3 of the Dungeon.
You were hungry.

You visited 1 branch of the dungeon, and saw 3 of its levels.

You collected 95 gold pieces.

Inventory:

Hand Weapons
 a - a +0 hunting sling
 b - a +0 mace of crushing (weapon)
Missiles
 h - 56 stones (quivered)
Armour
 g - a +0 robe (worn)
 m - a +1 cloak of poison resistance (worn)
Jewellery
 i - an uncursed amulet of rage
 j - an uncursed amulet of regeneration
 r - a ring of positive energy (left hand)
 s - an amulet of the gourmand (around neck)
Wands
 l - a wand of lightning (10/15)
 n - a wand of acid (5/15)
Scrolls
 d - 3 scrolls of identify {unknown}
 f - 3 scrolls of teleportation {unknown}
 o - 3 scrolls of noise {unknown}
 t - a scroll of blinking {unknown}
Potions
 e - a potion of might {unknown}
 q - a potion of heal wounds {unknown}
 u - a potion of curing {unknown}
Books
 p - a book of Ice

   Spells                             Type                      Level
   a - Ice Form                       Ice/Transmutation            4
   b - Metabolic Englaciation         Hexes/Ice                    5
   c - Ozocubu's Refrigeration        Ice                          6
   d - Bolt of Cold                   Conjuration/Ice              6
   e - Freezing Cloud                 Conjuration/Ice/Air          6
   f - Simulacrum                     Ice/Necromancy               6
 w - a book of Flames

   Spells                             Type                      Level
   a - Flame Tongue                   Conjuration/Fire             1
   b - Throw Flame                    Conjuration/Fire             2
   c - Conjure Flame                  Conjuration/Fire             3
   d - Inner Flame                    Hexes/Fire                   3
   e - Sticky Flame                   Conjuration/Fire             4
   f - Fireball                       Conjuration/Fire             5
Comestibles
 c - 2 bread rations
 k - 2 meat rations


   Skills:
 - Level 2.4 Dodging
 - Level 2.4 Stealth
 + Level 5.0 Spellcasting
 + Level 3.1 Conjurations
 * Level 5.7 Fire Magic


You had 8 spell levels left.
You knew the following spells:

 Your Spells              Type           Power        Failure   Level  Hunger
a - Flame Tongue          Conj/Fire      ###..        1%          1    None
b - Throw Flame           Conj/Fire      ###...       2%          2    None
c - Conjure Flame         Conj/Fire      ###.....     5%          3    ##.....


Dungeon Overview and Level Annotations

Branches:
Dungeon (3/15)

Altars:
Qazlal
Ru
Trog
Yredelemnul

Annotations:
D:3 Natasha


Message History

Aim: Natasha The flame tongue hits Natasha.
Natasha is heavily wounded.
Natasha casts a spell at you.
You feel yourself slow down. The adder bites you.
Natasha wildly gestures.
Natasha shimmers violently.
Natasha claws you.
Casting: Flame Tongue
Confirm with . or Enter, or press ? or * to list all spells.
Aiming: Flame Tongue
Press: ? - help, Shift-Dir - straight line, f/p - Natasha
Aim: Natasha (heavily wounded)
The flame tongue hits Natasha.
Natasha appears unharmed.
Natasha is heavily wounded.
Natasha stares at you and mumbles some strange words.
The magic dart hits you!
* * * LOW HITPOINT WARNING * * *
Natasha claws you.
You die...

#......#
...>....
#....#.#
........
#....#.#
........
#....#.#
........
######.#
........
#.#
........
#.#
.>......
#.#
........
#@#
........
#h#
....>...
#Sh..#
...####
#hh.##
#..##
.!.#
....
....
.....#


You could see Natasha, an adder and 3 jackals.

Vanquished Creatures
  A big kobold (D:2)
  The ghost of HankScorpio the Firebug, an amateur DEFE (D:3)
  A hound (D:3)
  An adder (D:3)
  An ooze (D:1)
  3 worms
  3 dart slugs
  A leopard gecko (D:2)
  2 ball pythons
  7 bats
  2 giant cockroaches
  6 goblins
  6 hobgoblins
  3 jackals (D:1)
  10 kobolds
  4 frilled lizards
  9 rats
61 creatures vanquished.

Notes
Turn   | Place    | Note
-------+----------+-------------------------------------------
     0 | D:1      | HankScorpio the Deep Elf Fire Elementalist began the quest for the Orb.
     0 | D:1      | Reached XP level 1. HP: 10/10 MP: 6/6
   266 | D:1      | Reached XP level 2. HP: 13/15 MP: 6/8
   734 | D:1      | Reached XP level 3. HP: 19/19 MP: 8/10
  1058 | D:2      | Found a faded altar of an unknown god.
  1076 | D:2      | Found a faded altar of an unknown god.
  1076 | D:2      | Found a bloodstained altar of Trog.
  1081 | D:2      | Found a sacrificial altar of Ru.
  1083 | D:2      | Found a basalt altar of Yredelemnul.
  1085 | D:2      | Found a stormy altar of Qazlal.
  1574 | D:2      | Learned a level 3 spell: Conjure Flame
  1577 | D:2      | Learned a level 2 spell: Throw Flame
  1673 | D:3      | Noticed a big kobold
  1711 | D:2      | Killed a big kobold
  1711 | D:2      | Reached skill level 5 in Fire Magic
  1711 | D:2      | Reached XP level 4. HP: 22/24 MP: 0/12
  1796 | D:3      | Reached XP level 5. HP: 28/28 MP: 9/13
  1800 | D:3      | Noticed HankScorpio's ghost (amateur DEFE)
  1807 | D:3      | Killed HankScorpio's ghost
  1911 | D:3      | Reached skill level 5 in Spellcasting
  2185 | D:3      | Noticed Natasha
  2192 | D:3      | Slain by Natasha

Vault maps used:
D:1:      sevenhm_arrival_forest_fort_small_5
D:2:      chequers_temple_overflow_minitemple, chequers_ecumenical_altar_simple,
          corner_web_ring
D:3:      uniq_natasha

Skill      XL: |  1  2  3  4  5 |
---------------+----------------+-----
Fire Magic     | 4 5 |  5.7
Spellcasting   | 4 5 |  5.0
Conjurations   | 2 3 |  3.1
Dodging        | |  2.4
Stealth        | |  2.4

Action                   |  1- 3 |  4- 6 || total
-------------------------+-------+-------++-------
Melee: Unarmed           |     1 |       ||     1
 Fire: Hunting sling     |    45 |     3 ||    48
 Cast: Flame Tongue      |    65 |    25 ||    90
       Throw Flame       |       |    11 ||    11
  Eat: Chunk             |     2 |     1 ||     3
Armor: Robe              |     8 |     5 ||    13
Dodge: Dodged            |    23 |    10 ||    33
